 Dungeon Crawl Stone Soup version 0.29-a0-824-gd827844252 (webtiles) character file.

Game seed: 16768172351055540375

2 coolguy69 the Cutter (level 1, 0/12 (16) HPs)
             Began as a Vine Stalker Berserker on July 10, 2022.
             Was a Follower of Trog.
             Slain by a kobold
             ... wielding a +2 short sword of draining
              (1 damage)
             ... on level 1 of the Dungeon.
             The game lasted 00:00:09 (60 turns).

coolguy69 the Cutter (Vine Stalker Berserker)         Turns: 60, Time: 00:00:10

HP:   0/12 (16)     AC:  2    Str: 19    XL:     1   Next: 30%
MP:   0/2           EV: 12    Int:  7    God:    Trog [*.....]
Gold: 0             SH:  0    Dex: 13    Spells: 0/0 levels left

rFire   . . .      SeeInvis .   a - +0 short sword
rCold   . . .      Faith    .   (no shield)
rNeg    . . .      Spirit   +   b - +0 animal skin
rPois   .          Reflect  .   (no helmet)
rElec   .          Harm     .   (no cloak)
rCorr   .          Rampage  .   (no gloves)
Will    .....                   (no boots)
Stlth   ..........              (no amulet)
HPRegen 0.04/turn               (no ring)
MPRegen 0.08/turn               (no ring)

@: berserking, very heavily drained, very quick
A: fangs 2, magic shield, antimagic bite, no potion heal 2
a: Renounce Religion, Berserk


You were on level 1 of the Dungeon.
You worshipped Trog.
Trog was aware of your devotion.
You visited 1 branch of the dungeon, and saw 1 of its levels.

Inventory:

Hand Weapons
 a - a +0 short sword (weapon)
Armour
 b - a +0 animal skin (worn)


   Skills:
 + Level 2.7 Fighting
 + Level 2.7 Short Blades
 + Level 1.5 Armour
 + Level 1.5 Dodging


You couldn't memorise any spells.
You didn't know any spells.
Your spell library was empty.

Dungeon Overview and Level Annotations

Branches:
Dungeon (1/15)

Altars:


Innate Abilities, Weirdness & Mutations

You have extremely sharp teeth.
When hurt, damage is shared between your health and your magic reserves.
Your bite disrupts and absorbs the magic of your enemies.
Potions cannot restore your health.


Message History

The hobgoblin moves out of view.
No target in view!
Found a scroll labelled BUISCH ZAKLINE.
A hobgoblin is nearby!
A bat comes into view.
The hobgoblin hits you.
There are monsters nearby!
You barely miss the hobgoblin. Your bite misses the hobgoblin.
The hobgoblin closely misses you.
There are monsters nearby!
You hit the hobgoblin. You bite the hobgoblin.
You kill the hobgoblin!
Trog accepts your kill. The bat barely misses you.
A bat is nearby!
A kobold comes into view.
It is wielding a +2 short sword of draining.
The bat misses you.
The kobold shouts!
The bat hits you but does no damage. The bat hits you but does no damage.
You closely miss the bat. Your bite misses the bat. The bat barely misses you.
The kobold hits you but does no damage.
You feel drained.
You closely miss the kobold. Your bite misses the kobold.
The bat hits you but does no damage.
The kobold hits you with a +2 short sword of draining.
You feel drained.
You hit the kobold.
The kobold is heavily wounded.
The bat barely misses you.
The kobold hits you with a +2 short sword of draining.
Ouch! That really hurt!
You feel drained.
* * * LOW HITPOINT WARNING * * *
You aren't carrying any potions.
Unknown command.
A red film seems to cover your vision as you go berserk!
You feel yourself moving faster!
You feel mighty! The bat hits you.
* * * LOW HITPOINT WARNING * * *
The kobold hits you with a +2 short sword of draining.
You die...

###.# ..#.#
#.#.# # # #.#.#
.# #.###.#.# #.#
#..?....## #..
##
###.......####.#
.###
......K@......#
....
###...b##.##.##
#..# #..#.
#.###.###.. #.
#. #.# ##.#.# #
#. #.# ##..# #.
#.# ##.# #. #.#
#.# .. ..#
##.#######
#........#


You could see a bat and a kobold.

Vanquished Creatures
  A hobgoblin (D:1)
  A frilled lizard (D:1)
2 creatures vanquished.

Notes
Turn   | Place    | Note
-------+----------+-------------------------------------------
     0 | D:1      | coolguy69 the Vine Stalker Berserker began the quest for
                  | the Orb.
     0 | D:1      | Reached XP level 1. HP: 11/11 MP: 2/2
    60 | D:1      | Slain by a kobold

Illustrated notes

Levels and vault maps discovered:
D:1:      mushboom_english_gardens, layout_loops_corners,
          shapermc_ecumenical_altar_venn, minmay_tetromino_s2

Action                   || total
-------------------------++-------
Melee: Short sword       ||     9
       Bite              ||     3
Invok: Berserk           ||     1
Armor: Animal skin       ||     6
Dodge: Dodged            ||     6

Table legend: (Time is in decaauts)
 A = Elapsed time spent in this place.
 B = Non-inter-level travel time spent in this place.
 C = Inter-level travel time spent in this place.
 D = Time resting spent in this place.
 E = Time spent auto-exploring this place.
 F = Levels seen in this place.
 G = Mean time per level.
                   A        B        C        D        E       F      G
               +--------+--------+--------+--------+--------+-----+--------+
         Total |     59 |     59 |      0 |      0 |     39 |   1 |   59.0 |
       Dungeon |     59 |     59 |      0 |      0 |     39 |   1 |   59.0 |
               +--------+--------+--------+--------+--------+-----+--------+

Top non-repeatable levels by time:
     D:1: 59 daAuts
